 Dungeon Crawl Stone Soup version 0.20.0-15-g7f486f2 (webtiles) character file.

303 vishdafish the Shield-Bearer (level 6, 0/38 HPs)
             Began as a Gargoyle Fighter on June 22, 2017.
             Splashed by a jelly's acid (9 damage)
             ... on level 4 of the Dungeon.
             The game lasted 00:05:26 (2636 turns).

vishdafish the Shield-Bearer (Gargoyle Fighter)     Turns: 2636, Time: 00:05:27

Health: 0/38       AC: -3    Str: 21    XL:     6   Next: 38%
Magic:  6/6        EV:  8    Int:  8    God:
Gold:   242        SH:  9    Dex: 10    Spells: 5/5 levels left

rFire    . . .     SeeInvis .   a - +0 flail
rCold    . . .     Gourm    .   c - +0 shield
rNeg     + . .     Faith    .   b - +0 scale mail
rPois    ∞         Spirit   .   (helmet restricted)
rElec    +         Reflect  .   (no cloak)
rCorr    .         Harm     .   r - +0 pair of gloves
MR       .....                  (no boots)
Stlth    ..........             (no amulet)
Regen    0.2/turn               (no ring)
MPRegen  0.1/turn               (no ring)

@: corroded
A: horns 1, blurry vision 1, negative energy resistance 1, electricity
resistance, unbreathing, petrification resistance, rot immunity, AC +4
a: no special abilities


You were on level 4 of the Dungeon.
You were not hungry.

You visited 1 branch of the dungeon, and saw 4 of its levels.

You collected 242 gold pieces.

Inventory:

Hand Weapons
 a - a +0 flail (weapon)
Armour
 b - a +0 scale mail (worn)
 c - a +0 shield (worn)
 m - a +2 helmet
 r - a +0 pair of gloves (worn)
Jewellery
 k - a cursed amulet of guardian spirit {unknown}
Wands
 d - a wand of disintegration (10/24)
Scrolls
 e - a scroll of fear {unknown}
 h - 3 scrolls of amnesia {unknown}
 j - 3 scrolls of identify {unknown}
 l - 3 scrolls of remove curse {unknown}
 o - 2 scrolls of enchant armour {unknown}
 s - 2 scrolls of teleportation {unknown}
 t - a scroll of random uselessness {unknown}
 y - a scroll of noise {unknown}
Potions
 f - a potion of magic {unknown}
 i - a potion of berserk rage {unknown}
 n - 2 potions of brilliance {unknown}
 p - a potion of curing {unknown}
 v - a potion of degeneration {unknown}
 w - a potion of flight {unknown}
 x - a potion of mutation
Comestibles
 g - 8 fruits
 u - a meat ration


   Skills:
 + Level 4.2 Fighting
 + Level 4.2 Maces & Flails
 + Level 4.0 Armour
 + Level 1.2 Dodging
 + Level 4.8 Shields


You had 5 spell levels left.
You didn't know any spells.

Dungeon Overview and Level Annotations

Branches:
Dungeon (4/15)
 Temple: D:4-7

Altars:
Elyvilon
Makhleb


Innate Abilities, Weirdness & Mutations

You are resistant to torment.
Your stone body is resilient. (AC +4)
You are immune to poison.
You resist negative energy. (rN+)
You are resistant to electric shocks. (rElec)
You can survive without breathing.
You are immune to petrification.
You are immune to rotting.
You have a pair of small horns on your head.
Scrolls take you a little longer to read.


Message History

The jelly closely misses you.
You hit the jelly but do no damage. The acid corrodes you!
Your hands burn!
The jelly is heavily wounded.
The jelly barely misses you.
You hit the jelly.
Your hands burn!
The jelly is severely wounded.
The jelly closely misses you. The jelly hits you.
You are splashed with acid!
The acid burns!
You hit the jelly but do no damage.
Your hands burn!
* * * LOW HITPOINT WARNING * * *
The jelly is severely wounded.
You block the jelly's attack.
Okay, then.
You see here a club.
It was a potion of mutation.
You feel extremely strange.
Your vision blurs.
A pair of horns grows on your head!
Your +2 helmet falls away!
The jelly hits you.
* * * LOW HITPOINT WARNING * * *
You are splashed with acid!
The acid burns!
You die...

#############[# #.#.##
#..†........#.# #.#..#
##.#########.#.######## ##.....
........####..........#####....8.
##.##..........######.......#...)
#.##.########## #..####.....#
#(##.# ### #### ##...## ##.##.#
#!..÷.÷##.####### #.....
#.....###P.PP..#@#.#....######...
#..##..##....÷.#J#.#.....##.###.#
......###PP.P÷.#J#'#......'..##.#
#..######......#.#........'..##.#
.......##.÷÷.JJ#.#........'(.##.#
.......##....J.#.#.......##))(..#
..#######PP....'##......####)####
#.# #...÷.÷#############(# #.#
####### ###...#


You could see a jelly and an ooze.

Vanquished Creatures
  The ghost of lemmily the Sneak, an amateur SpVM (D:3)
  A hound (D:4)
  A jelly (D:4)
  Ijyb (D:4)
  5 adders
  7 oozes
  3 worms
  2 dart slugs
  4 leopard geckos
  An orc (D:3)
  4 ball pythons
  5 goblins
  2 hobgoblins (D:1)
  4 jackals
  10 kobolds
  2 quokkas
  15 bats
  3 frilled lizards (D:3)
  2 leopard gecko skeletons (D:4)
  A quokka skeleton (D:4)
  5 rats
79 creatures vanquished.

Vanquished Creatures (others)
  A fungus (D:4)
  6 toadstools (D:4)
7 creatures vanquished.

Grand Total: 86 creatures vanquished

Notes
Turn   | Place    | Note
-------+----------+-------------------------------------------
     0 | D:1      | vishdafish the Gargoyle Fighter began the quest for the Orb.
     0 | D:1      | Reached XP level 1. HP: 14/14 MP: 1/1
    22 | D:1      | Reached XP level 2. HP: 15/19 MP: 2/2
   465 | D:1      | Reached XP level 3. HP: 23/23 MP: 3/3
  1048 | D:2      | Reached XP level 4. HP: 29/29 MP: 4/4
  1311 | D:2      | Found a white marble altar of Elyvilon.
  1313 | D:2      | Found a burning altar of Makhleb.
  1524 | D:3      | Noticed lemmily's ghost (amateur SpVM)
  1590 | D:3      | Killed lemmily's ghost
  1590 | D:3      | Reached XP level 5. HP: 27/33 MP: 5/5
  2255 | D:4      | Noticed Ijyb
  2260 | D:4      | Killed Ijyb
  2260 | D:4      | Reached XP level 6. HP: 15/38 MP: 6/6
  2508 | D:4      | Reached skill level 1 in Dodging
  2623 | D:4      | HP: 1/38 [acid (7)]
  2636 | D:4      | Gained mutation: Scrolls take you a little longer to read. [potion of mutation]
  2636 | D:4      | Gained mutation: You have a pair of small horns on your head. [potion of mutation]
  2636 | D:4      | Splashed by a jelly's acid

Skill      XL: |  1  2  3  4  5  6 |
---------------+-------------------+-----
Maces & Flails | 3 4 |  4.2
Shields        | 4 |  4.8
Fighting       | 4 |  4.2
Dodging        | 1 |  1.2
Armour         | 4 |  4.0

Action                   |  1- 3 |  4- 6 || total
-------------------------+-------+-------++-------
Melee: Flail             |   123 |   208 ||   331
  Use: Potion            |       |     5 ||     5
  Eat: Bread ration      |     1 |       ||     1
       Royal jelly       |       |     1 ||     1
Armor: Scale mail        |    94 |   131 ||   225
Dodge: Dodged            |    55 |    74 ||   129
Block: Shield            |    83 |   102 ||   185
